Unix NetHack Version 5.0.0-0 post-release - last build Jul 14 2026 02:55:29 (1809b74e8187c3a3585e283601c3028b46cbbdcb,branch:main).

Game began 2026-07-13 04:50:20, ended 2026-07-14 06:23:52.

Brudee, chaotic female human Rogue

                                                                    |..
                                                                    |@-
                                                                    |h|

Brudee the Cutpurse     St:8 Dx:18 Co:16 In:10 Wi:11 Ch:10  Chaotic S:996
Dlvl:5  $:286 HP:0(36) Pw:16(16) AC:3  Xp:4/125 T:1796  Satiated

Latest messages:
 The dagger misses the dwarf.
 The dwarf thrusts her broad short sword.
 The dwarf hits!
 In what direction? j
 You throw 2 daggers.
 The 1st dagger misses the dwarf.
 The 2nd dagger hits the dwarf.
 You kill the dwarf!
 You are still in a pit.
 You are still in a pit.
 You are still in a pit.
 You are still in a pit.
 The dwarf picks up 9 +0 daggers.
 In what direction? j
 The dagger hits the dwarf.
 In what direction? j
 The dagger hits the dwarf.
 The dwarf thrusts her broad short sword.
 The dwarf hits!
 Are you sure you want to pray? [yn] (n) y
 You begin praying to Kos.
 You are surrounded by a shimmering light.
 You finish your prayer.
 You feel that Kos is well-pleased.
 You feel much better.
 In what direction? j
 The dagger hits the dwarf.
 In what direction? j
 You throw 2 daggers.
 The 1st dagger hits the dwarf.
 The 2nd dagger hits the dwarf.
 The dwarf thrusts her broad short sword.
 The dwarf hits!
 You have no ammunition readied.
 What do you want to fire? [$t or ?*] <space>
 Never mind.
 You begin bashing monsters with your pick-axe.
 You miss the dwarf.
 The dwarf thrusts her broad short sword.
 The dwarf hits!
 What do you want to wield? [- tP or ?*] ?
 t - an uncursed elven dagger named Sting (weapon in right hand).
 The dwarf thrusts her broad short sword.
 The dwarf hits!
 You hit the dwarf.
 The dwarf thrusts her broad short sword.
 The dwarf hits!
 You die...
 Do you want your possessions identified? [ynq] (y) y
 Do you want to see your attributes? [ynq] (y) q

Inventory:
 Coins    ('$')
  $ - 286 gold pieces
 Weapons  (')')
  t - the -1 Sting (weapon in right hand)
 Armor    ('[')
  y - an uncursed +0 orcish helm (being worn)
  Q - an uncursed +0 pair of iron shoes (being worn)
  l - an uncursed +0 cloak of displacement (being worn)
  c - an uncursed +1 leather armor (being worn)
 Comestibles  ('%')
  G - an uncursed apple
  k - an uncursed lembas wafer
  f - an uncursed melon
  J - 2 uncursed oranges
  H - an uncursed pear
  w - a cursed tin of spinach
 Scrolls  ('?')
  K - an uncursed scroll of light
 Potions  ('!')
  B - 2 uncursed potions of object detection
  E - a cursed potion of object detection
 Tools    ('(')
  i - an uncursed sack containing 2 items
  e - an uncursed lock pick
  P - a +0 pick-axe

Contents of the sack:
  an uncursed potion of restore ability
  a potion of holy water

Brudee the Rogue's attributes:

Background:
 You were a Cutpurse, a level 4 female human Rogue.
 You were chaotic, on a mission for Kos
 who was opposed by Issek (lawful) and Mog (neutral).
 You were right-handed.
 You were in the Gnomish Mines, on level 5.
 You entered the dungeon 1796 turns ago.
 There was a new moon in effect when your adventure ended.
 You had 125 experience points, 35 more were needed to attain level 5.
 Your score was 996 before end-of-game adjustments.

Basics:
 You had 0 out of 36 hit points.
 You had all 16 energy points (spell power).
 Your armor class was 3.
 Your wallet contained 286 zorkmids.
 Autopickup was on for '$!=+?/"' plus thrown.

Final Characteristics:
 Your strength was 8 (peak:11, limit:18/100).
 Your dexterity was 18 (limit:18).
 Your constitution was 16 (limit:18).
 Your intelligence was 10 (limit:18).
 Your wisdom was 11 (limit:18).
 Your charisma was 10 (limit:18).

Final Status:
 You were trapped in a pit.
 You were satiated.
 You were unencumbered.
 You were wielding a dagger.
 You had basic skill with dagger.

Final Attributes:
 You were devoutly aligned.
 You were aware of the presence of orcs.
 You were displaced.
 You were stealthy.
 You were warded.
 You are dead.

Miscellaneous:
 You didn't encounter any bones levels.
 Total elapsed playing time was 56 minutes and 38 seconds.

Major events:
 Turn
    1: Brudee the chaotic female human Rogue entered the dungeon
  566: became literate by naming Sting
  906: attained the rank of Cutpurse (level 3)
 1644: entered the Gnomish Mines
 1796: killed by a dwarf

You didn't know any spells.

Skills:
 Fighting Skills
   bare handed combat [Unskilled]
   two weapon combat  [Unskilled]
   riding             [Unskilled]
 Weapon Skills
   dagger             [Basic]
   knife              [Unskilled]
   short sword        [Basic]
   broadsword         [Unskilled]
   long sword         [Unskilled]
   two-handed sword   [Unskilled]
   saber              [Unskilled]
   club               [Unskilled]
   mace               [Unskilled]
   morning star       [Unskilled]
   flail              [Unskilled]
   hammer             [Unskilled]
   polearms           [Unskilled]
   spear              [Unskilled]
   crossbow           [Unskilled]
   dart               [Unskilled]
   shuriken           [Unskilled]
 Spellcasting Skills
   divination spells  [Unskilled]
   escape spells      [Unskilled]
   matter spells      [Unskilled]

Voluntary challenges:
 Character rerolling was not enabled.
 You never genocided any monsters.
 You never polymorphed an object.
 You never changed form.
 You used no wishes.
Achievements:
 You entered a shop.
 You attained the rank of Cutpurse.
 You entered the Gnomish Mines.

 The Dungeons of Doom: levels 1 to 3
    Level 1:
       A sink, many trees.
    Level 2:
       A general store, an altar to Kos.
       Stairs down to The Gnomish Mines.
    Level 3:
 The Gnomish Mines: levels 3 to 5
    Level 3:
    Level 4:
    Level 5: <- You were here.
       Final resting place for
          you, killed by a dwarf.


Vanquished creatures:
  a Woodland-elf
  5 wood nymphs
  a gnome leader
  3 dwarves
  5 killer bees
  a gas spore
  a hobbit
  5 gnomes
  a gecko
  7 jackals
  2 kobolds
  3 goblins
  4 sewer rats
  4 grid bugs
  2 lichens
  a kobold zombie
  3 newts
49 creatures vanquished.

No species were genocided or became extinct.

Game over:
                       ----------
                      /          \
                     /    REST    \
                    /      IN      \
                   /     PEACE      \
                  /                  \
                  |      Brudee      |
                  |      286 Au      |
                  |   killed by a    |
                  |      dwarf       |
                  |                  |
                  |                  |
                  |       2026       |
                 *|     *  *  *      | *
        _________)/\\_//(\/(/\)/\//\/|_)_______

Goodbye Brudee the Rogue...

You died in The Gnomish Mines on dungeon level 5 with 968 points,
and 286 pieces of gold, after 1796 moves.
You were level 4 with a maximum of 36 hit points when you died.

